 Dungeon Crawl Stone Soup version 0.27.1-34-g3ba077fa99 (webtiles) character file.

Game seed: 14839739099972401933

223 growler the Gusty (level 6, -5/32 HPs)
             Began as a Tengu Air Elementalist on Jan 24, 2022.
             Was an Initiate of Vehumet.
             Slain by a scorpion (8 damage)
             ... on level 4 of the Dungeon.
             The game lasted 00:08:10 (4911 turns).

growler the Gusty (Tengu Air Elementalist)          Turns: 4911, Time: 00:08:11

Health: -5/32      AC:  3    Str:  8    XL:     6   Next: 0%
Magic:  1/12       EV: 11    Int: 17    God:    Vehumet [......]
Gold:   108        SH:  0    Dex: 15    Spells: 2/12 levels left

rFire    . . .     SeeInvis .   (no weapon)
rCold    . . .     Faith    .   (no shield)
rNeg     . . .     Spirit   .   a - +0 robe
rPois    .         Reflect  .   (helmet restricted)
rElec    .         Harm     .   j - +0 cloak
rCorr    .         Rampage  .   (no gloves)
Will     .....                  (boots unavailable)
Stlth    ++........             (no amulet)
HPRegen  0.10/turn              (no ring)
MPRegen  0.13/turn              (no ring)

@: mighty, lethally poisoned (-5 -> -11), flying quickly and evasively,
constricted, quick
A: beak, talons 3, nimble flight
a: Renounce Religion


You were on level 4 of the Dungeon.
You worshipped Vehumet.
Vehumet was noncommittal.
You visited 1 branch of the dungeon, and saw 4 of its levels.

You collected 108 gold pieces.

Inventory:

Armour
 a - a +0 robe (worn)
 j - a +0 cloak (worn)
   (You took it off Crazy Yiuf on level 3 of the Dungeon)
Scrolls
 b - 7 scrolls of identify {unknown}
 c - a scroll of amnesia {unknown}
 g - a scroll of magic mapping {unknown}
 h - a scroll of teleportation {unknown}
 i - a scroll of enchant armour {unknown}
Potions
 d - a potion of attraction {unknown}
 f - a potion of brilliance {unknown}


   Skills:
 - Level 2.1 Dodging
 - Level 2.0 Stealth
 + Level 3.5 Spellcasting
 + Level 4.4 Conjurations
 + Level 5.9 Air Magic


You had 2 spell levels left.
You knew the following spells:

 Your Spells              Type           Power      Damage    Failure   Level
a - Shock                 Conj/Air       80%        1d8       1%          1
b - Airstrike             Air            11%        N/A       14%         4
d - Static Discharge      Conj/Air       20%        N/A       3%          2
s - Swiftness             Air            23%        N/A       4%          3

Your spell library contained the following spells:

 Spells                   Type           Power      Damage    Failure   Level
 Poisonous Vapours        Pois/Air       26%        N/A       8%          2
 Sting                    Tmut/Pois      8%         1d3       17%         1
 Olgreb's Toxic Radiance  Pois           2%         N/A       86%         4


Dungeon Overview and Level Annotations

Branches:
Dungeon (4/15)
 Temple: D:4-7

Altars:
Ashenzari
Makhleb
Vehumet

Shops:
D:2 !**!

Annotations:
D:2 Sigmund


Innate Abilities, Weirdness & Mutations

You have a beak for a mouth.
You have claws for feet.
Your magical nature lets you fly swiftly and evasively.


Message History

The orc shouts! x3; You hear an angry hiss.
You hear a shout! x3
Found 15 bolts.
There is a stone staircase leading up here.
The orc is struck by an arc of lightning.
You are struck by an arc of lightning.
The lightning grounds out.
The ball python hisses angrily.
You hear a shout!
The orc closely misses you. x2
The orc is struck by an arc of lightning!
You kill the orc!
Vehumet accepts your kill.
You are struck by an arc of lightning.
The lightning grounds out.
The orc is struck by an arc of lightning.
You kill the orc!
Vehumet accepts your kill.
The orc is struck by an arc of lightning.
The lightning grounds out.
The orc closely misses you.
The orc is struck by an arc of lightning!
You kill the orc!
Vehumet accepts your kill.
The lightning grounds out.
A gnoll comes into view. It is wielding a +0 flail.
The orc is struck by an arc of lightning.
You are struck by an arc of lightning.
The lightning grounds out.
A ball python comes into view.
The orc hits you with a +0 mace.
The scorpion is struck by an arc of lightning.
You are struck by an arc of lightning.
The lightning grounds out.
The orc is struck by an arc of lightning.
You kill the orc!
Vehumet accepts your kill.
The lightning grounds out.
The scorpion stings you!
* * * LOW HITPOINT WARNING * * *
You are lethally poisoned!
The scorpion poisons you! The scorpion closely misses you.
You have reached level 6!
Your experience leads to an increase in your attributes!
Increase (S)trength, (I)ntelligence, or (D)exterity?
You feel clever.
Unknown command.
* * * LOW HITPOINT WARNING * * *
You feel very sick. The scorpion stings you.
* * * LOW HITPOINT WARNING * * *
The ball python misses you. The ball python grabs you.
You stop ascending the stairs.
The ball python constricts you.
It was a potion of might.
You feel very mighty all of a sudden.
* * * LOW HITPOINT WARNING * * *
You feel sick. The scorpion stings you!
You die...

(... ### ...
..# ... ...
#.. ...
#.##.# .
##....#...
#.))......
#s@)#
....S.S.)#
.........#
.........#
...g......
...........
...........
............


You could see a scorpion, a gnoll and 2 ball pythons.

Vanquished Creatures
  A hound (D:3)
  Crazy Yiuf (D:3)
  Jessica (D:3)
  7 adders
  2 worms
  A dart slug (D:2)
  11 orcs
  9 ball pythons
  6 bats
  3 endoplasms
  2 goblins
  4 hobgoblins
  3 quokkas
  6 kobolds
  7 rats
64 creatures vanquished.

Notes
Turn   | Place    | Note
-------+----------+-------------------------------------------
     0 | D:1      | growler the Tengu Air Elementalist began the quest for the
                  | Orb.
     0 | D:1      | Reached XP level 1. HP: 10/10 MP: 4/4
   178 | D:1      | Found a faded altar of an unknown god.
   312 | D:1      | Reached XP level 2. HP: 15/15 MP: 3/6
   566 | D:1      | Learned a level 2 spell: Static Discharge
   946 | D:2      | Found Wadiaqum's Assorted Antiques.
  1176 | D:2      | Reached XP level 3. HP: 13/19 MP: 2/7
  1181 | D:2      | Learned a level 3 spell: Swiftness
  1419 | D:2      | Found Uguh Qont's Assorted Antiques.
  1433 | D:2      | Found Nis Qymya's Distillery.
  1704 | D:2      | Found Joeloy's Distillery.
  1821 | D:2      | Noticed Sigmund
  2239 | D:3      | Reached XP level 4. HP: 24/24 MP: 0/9
  2346 | D:3      | Reached skill level 5 in Air Magic
  2598 | D:3      | Noticed Jessica
  2605 | D:3      | Killed Jessica
  2760 | D:3      | Found a broken altar of Ashenzari.
  3083 | D:3      | Gained mutation: Your magical nature lets you fly swiftly
                  | and evasively. [Tengu growth]
  3083 | D:3      | Reached XP level 5. HP: 19/28 MP: 3/10
  3176 | D:3      | Found a radiant altar of Vehumet.
  3188 | D:3      | Became a worshipper of Vehumet
  4090 | D:3      | Found a burning altar of Makhleb.
  4160 | D:3      | Found a runed translucent door.
  4161 | D:3      | Noticed Crazy Yiuf
  4687 | D:3      | Killed Crazy Yiuf
  4836 | D:3      | Learned a level 4 spell: Airstrike
  4910 | D:4      | Reached XP level 6. HP: 13/32 MP: 1/12
  4911 | D:4      | Slain by a scorpion

Illustrated notes

Levels and vault maps discovered:
D:1:      beargit_arrival_greenhouse, layout_basic,
          ebering_ecumenical_altar_webs
D:2:      layout_basic, serial_shops, nicolae_lakefront_shop,
          nicolae_shop_behind_doors, nicolae_shop_behind_doors, shop,
          uniq_sigmund
D:3:      layout_basic, mainiacjoe_overflow_small_starburst,
          mainiacjoe_overflow_surrounded_room, mainiacjoe_overflow_alcove_4,
          minmay_puff, uniq_crazy_yiuf_cottage, uniq_jessica
D:4:      layout_cave_pools, minmay_temple_entry_offerings,
          hangedman_decor_clover_reticule, chequers_serial_rivers_marsh

Skill      XL: |  1  2  3  4  5 |
---------------+----------------+-----
Conjurations   | 2 3 4 |  4.4
Air Magic      | 5 |  5.9
Spellcasting   | 3 |  3.5
Dodging        | |  2.1
Stealth        | |  2.0

Action                   |  1- 3 |  4- 6 || total
-------------------------+-------+-------++-------
Melee: Unarmed           |     9 |    38 ||    47
       Peck              |     3 |     6 ||     9
       Kick              |     3 |     4 ||     7
 Cast: Shock             |    66 |    11 ||    77
       Static Discharge  |     6 |    34 ||    40
  Use: Potion            |       |     1 ||     1
 Stab: Sleeping          |     1 |     1 ||     2
Armor: Robe              |     1 |    12 ||    13
Dodge: Dodged            |     9 |    44 ||    53
